 Dungeon Crawl Stone Soup version 0.20.1-1-g8b1a95d (webtiles) character file.

494 Megalobster the Chopper (level 6, -2/57 HPs)
             Began as a Deep Dwarf Fighter on Aug 3, 2017.
             Was an Initiate of Makhleb.
             Splashed by a jelly's acid (3 damage)
             ... on level 5 of the Dungeon.
             The game lasted 00:15:18 (3010 turns).

Megalobster the Chopper (Deep Dwarf Fighter)        Turns: 3010, Time: 00:15:19

Health: -2/57      AC: -2    Str: 22    XL:     6   Next: 92%
Magic:  4/4        EV:  6    Int:  8    God:    Makhleb [......]
Gold:   165        SH: 10    Dex: 12    Spells: 5/5 levels left

rFire    . . .     SeeInvis .   a - +0 war axe
rCold    + . .     Gourm    .   c - +0 shield
rNeg     . . .     Faith    .   h - +0 chain mail
rPois    .         Spirit   .   p - +2 helmet
rElec    .         Reflect  .   I - +0 cloak
rCorr    .         Harm     .   (no gloves)
MR       +....                  C - +2 pair of boots
Stlth    ..........             (no amulet)
Regen    0.0/turn               l - ring of protection from cold
MPRegen  0.1/turn               D - ring of protection from magic

@: corroded, non-regenerating
A: damage resistance, heal wounds, sense surroundings 1, no regeneration
a: Heal Wounds, Renounce Religion


You were on level 5 of the Dungeon.
You worshipped Makhleb.
Makhleb was noncommittal.
You were not hungry.

You visited 2 branches of the dungeon, and saw 6 of its levels.

You collected 165 gold pieces.

Inventory:

Hand Weapons
 a - a +0 war axe (weapon)
 w - a +0 spear
 y - a cursed -1 blowgun
 H - a +2 quarterstaff of chaos
Missiles
 i - 189 stones (quivered)
 o - 24 sling bullets
 z - 6 poisoned needles
Armour
 b - a +0 scale mail
 c - a +0 shield (worn)
 h - a +0 chain mail (worn)
 p - a +2 helmet (worn)
 v - a +0 chain mail
 C - a +2 pair of boots (worn)
 I - a +0 cloak (worn)
Jewellery
 l - a ring of protection from cold (left hand)
 D - a ring of protection from magic (right hand)
 F - an uncursed amulet of faith {unknown}
Scrolls
 e - a scroll of random uselessness {unknown}
 g - a scroll of amnesia {unknown}
 j - 2 scrolls of teleportation {unknown}
 n - 2 scrolls of recharging {unknown}
 r - 4 scrolls of remove curse {unknown}
 u - 3 scrolls of identify {unknown}
 x - 2 scrolls of enchant armour {unknown}
 B - a scroll of enchant weapon {unknown}
Potions
 d - 3 potions of might
 q - a potion of agility {unknown}
 s - a potion of berserk rage {unknown}
 t - 2 potions of flight {unknown}
 A - 3 potions of heal wounds {unknown}
 E - a potion of haste {unknown}
 G - a potion of lignification {unknown}
 K - a potion of brilliance {unknown}
Comestibles
 f - 4 bread rations
 k - 3 chunks of flesh
 m - 2 meat rations
 J - 2 fruits


   Skills:
 + Level 3.9 Fighting
 * Level 5.5 Axes
 + Level 4.6 Armour
 + Level 5.0 Shields


You had 5 spell levels left.
You didn't know any spells.

Dungeon Overview and Level Annotations

Branches:
Dungeon (5/15)             Temple (1/1) D:4

Altars:
Ashenzari
Cheibriados
Dithmenos
Elyvilon
Fedhas
Gozag
Hepliaklqana
Makhleb
Nemelex Xobeh
Qazlal
Ru
Sif Muna
Trog
Uskayaw
Xom
Yredelemnul
Zin
The Shining One


Innate Abilities, Weirdness & Mutations

You are resistant to damage.
You can heal yourself by infusing magical energy.
You passively map a small area around you.
You do not regenerate.


Message History

You hit the jelly but do no damage.
Your hands burn!
The jelly is almost dead.
The jelly hits you.
You are splashed with acid!
The acid burns!
The jelly hits you.
You are splashed with acid!
The acid burns!
* * * LOW HITPOINT WARNING * * *
You hit the jelly but do no damage.
Your hands burn!
The jelly is almost dead.
You block the jelly's attack.
You hit the jelly but do no damage.
Your hands burn!
* * * LOW HITPOINT WARNING * * *
The jelly is almost dead.
The jelly hits you.
You are splashed with acid!
The acid burns!
* * * LOW HITPOINT WARNING * * *
You hit the jelly but do no damage.
Your hands burn!
The jelly is almost dead.
The jelly hits you.
You are splashed with acid!
The acid burns!
* * * LOW HITPOINT WARNING * * *
You block the jelly's attack.
You hit the jelly but do no damage.
Your hands burn!
You die...

#.)..#....... , , #....#
..... .. * ##...##
#..###.## ,
###...>####........ *
#.................. ,
#######....##............
<.......#####............
........ ####............
.#....#........(@........
*
...#>............J.......
.#........###............
, , ....#####
#............, ..###
*#............, , .##
........?..... , ##
*##.##...<...... , # *..
........... # #.
##.#......


You could see a jelly.

Vanquished Creatures
  A phantom (D:4)
  A centaur (D:5)
  A crimson imp (D:5)
  Crazy Yiuf (D:4)
  An iguana (D:4)
  A centaur skeleton (D:4)
  A worker ant (D:4)
  8 gnolls (D:3)
  3 adders
  A worm (D:4)
  2 dart slugs
  3 leopard geckos
  2 orcs
  6 bats
  4 giant cockroaches
  5 goblins
  5 hobgoblins
  10 jackals
  14 kobolds
  A quokka (D:3)
  3 ball pythons (D:2)
  4 frilled lizards
  7 rats
85 creatures vanquished.

Notes
Turn   | Place    | Note
-------+----------+-------------------------------------------
     0 | D:1      | Megalobster the Deep Dwarf Fighter began the quest for the Orb.
     0 | D:1      | Reached XP level 1. HP: 20/20 MP: 1/1
    21 | D:1      | Found a shattered altar of Ashenzari.
   139 | D:1      | Reached XP level 2. HP: 24/27 MP: 2/2
   720 | D:2      | Reached XP level 3. HP: 26/34 MP: 3/3
  1420 | D:3      | Reached XP level 4. HP: 28/42 MP: 4/4
  1971 | D:3      | Reached XP level 5. HP: 21/49 MP: 4/4
  2180 | D:4      | Found a staircase to the Ecumenical Temple.
  2186 | Temple   | Entered the Ecumenical Temple
  2193 | Temple   | Became a worshipper of Makhleb the Destroyer
  2246 | D:4      | Noticed a phantom
  2285 | D:4      | Killed a phantom
  2285 | D:4      | Reached skill level 5 in Axes
  2285 | D:4      | Reached XP level 6. HP: 25/56 MP: 4/4
  2660 | D:4      | Found a runed door.
  2850 | D:4      | Noticed Crazy Yiuf
  2861 | D:4      | Killed Crazy Yiuf
  2899 | D:5      | Entered Level 5 of the Dungeon
  2922 | D:5      | Reached skill level 5 in Shields
  3009 | D:5      | HP: 1/57 [acid (4)]
  3010 | D:5      | Splashed by a jelly's acid

Skill      XL: |  1  2  3  4  5  6 |
---------------+-------------------+-----
Fighting       | 3 |  3.9
Axes           | 3 4 5 |  5.5
Shields        | 4 5 |  5.0
Armour         | 4 |  4.6

Action                   |  1- 3 |  4- 6 || total
-------------------------+-------+-------++-------
Melee: War axe           |   146 |   206 ||   352
 Abil: Heal Wounds       |       |     6 ||     6
  Eat: Chunk             |     2 |     4 ||     6
       Royal jelly       |       |     1 ||     1
Armor: Scale mail        |    94 |    77 ||   171
       Chain mail        |       |     9 ||     9
Dodge: Dodged            |    47 |    58 ||   105
Block: Shield            |    76 |   107 ||   183
